 Dungeon Crawl Stone Soup version 0.31-a0-229-g1fc7ce93e2 (webtiles) character file.

Game seed: 8746418657411971121

149 qw the Shooter (level 5, -1/45 HPs)
             Began as a Minotaur Hexslinger on July 6, 2023.
             Succumbed to an orc's poison
             ... on level 2 of the Dungeon.
             The game lasted 00:00:44 (1881 turns).

qw the Shooter (Minotaur Hexslinger)                Turns: 1881, Time: 00:00:45

Health: -1/45      AC:  3    Str: 18    XL:     5   Next: 9%
Magic:  5/5        EV: 12    Int: 10    God:
Gold:   173        SH:  0    Dex: 21    Spells: 5/6 levels left

rFire   . . .        Y - +3 sling
rCold   . . .        (no shield)
rNeg    . . .        b - +0 leather armour
rPois   .            (helmet restricted)
rElec   .            (no cloak)
rCorr   .            (no gloves)
SInv    .            (no boots)
Will    .....        (no amulet)
Stlth   +            e - +6 ring of strength
HPRegen 0.27/turn    h - +6 ring of dexterity
MPRegen 0.09/turn

%: no passive effects
@: confused, lethally poisoned (-1 -> -13)
A: horns 2, retaliatory headbutt
a: no special abilities


You were on level 2 of the Dungeon.
You visited 1 branch of the dungeon, and saw 3 of its levels.

You collected 173 gold pieces.


Innate Abilities, Weirdness & Mutations

You have a pair of horns on your head.
You reflexively headbutt those who attack you in melee.


   Skills:
 - Level 3.4 Fighting
 + Level 5.0 Ranged Weapons
 - Level 2.1 Dodging
 - Level 1.0 Spellcasting
 - Level 2.0 Hexes


You had 5 spell levels left.
You knew the following spells:

 Your Spells              Type           Power      Damage    Failure   Level
a - Slow                  Hex            16%        N/A       19%         1

Your spell library contained the following spells:

 Spells                   Type           Power      Damage    Failure   Level
 Inner Flame              Hex/Fire       2%         N/A       63%         3
 Portal Projectile        Hex/Tloc       4%         N/A       63%         3
 Cause Fear               Hex            2%         N/A       87%         4

Inventory:

Hand Weapons
 Y - a +3 sling (weapon)
Armour
 b - a +0 leather armour (worn)
Jewellery
 e - a +6 ring of strength (left hand)
 h - a +6 ring of dexterity (right hand)
Scrolls
 a - a scroll of identify
Potions
 g - a potion of resistance {unknown}
 i - a potion of lignification {unknown}

Dungeon Overview and Level Annotations

Branches:
Dungeon (3/15)

Altars:


Message History

You finish taking off your +0 robe.
You start putting on your armour.
You continue putting on your +0 leather armour. x5
You finish putting on your +0 leather armour.
1871 ||| DROPPING +0 robe.
You drop a +0 robe.
Done exploring.
(D) Dungeon
Where to? (* - list waypoints, Enter - D:3, ? - help)
What level of the Dungeon? (default 1, ? - help)
There is a stone staircase leading down here.
You climb downwards.
The orc closely misses you. You furiously retaliate!
You headbutt the orc.
The orc hits you with a +2 whip of venom.
You are poisoned.
The orc wizard casts a spell at you. The magic dart hits you!
The orc shouts!
There is a stone staircase leading up, spattered with blood here.
1875 ||| STAIRDANCE You feel sick.
The orc wizard points at you and mumbles some strange words.
You are confused.
The orc hits you with a +2 whip of venom.
You are more poisoned.
In your confused state, you trip and fall back down the stairs.
You feel very sick. The orc misses you.
1877 ||| STAIRDANCE You feel very sick.
The orc hits you with a +2 whip of venom.
You are lethally poisoned!
You climb upwards.
You feel very sick.
There is a stone staircase leading down here.
You feel very sick. The orc hits you but does no damage.
You are more poisoned.
You feel very sick. The orc barely misses you.
You die...

#.......# #..# ##...#..#
#[.# ##.##..# #..# ######
#.##..# ########..### #....#
#.##..# #...........# #.#.#.
#.##..###.###.###.#.###.##.#
#.##..##.......##.#.##....#(
#.##..###.###..#..#.##.....#
#.##......)@o.............#.
#.##.####...................
#.#..¤###..#####..#..)......
#.>..¤¤........#..#.........
###.¤¤###...#.)#..##.#...##.
##.......###.......#......
######...#.....##.#......
##......###.##.####.##
##.....### #..........#


You could see an orc.

Vanquished Creatures
  An orc priest (D:2)
  6 adders (D:2)
  2 dart slugs
  7 ball pythons
  3 endoplasms
  A giant cockroach (D:1)
  7 goblins
  4 hobgoblins
  4 jackals (D:1)
  4 quokkas
  6 bats
  A frilled lizard (D:1)
  6 kobolds
  6 rats
58 creatures vanquished.

Notes
Turn   | Place    | Note
-------+----------+-------------------------------------------
     0 | D:1      | qw the Minotaur Hexslinger began the quest for the Orb.
     0 | D:1      | Reached XP level 1. HP: 16/16 MP: 1/1
     0 | D:1      | 0 ||| qw: Version: 0.3-a-46-gb1f654a
     0 | D:1      | 0 ||| qw: Game counter: 1449
     0 | D:1      | 0 ||| qw: Melee chars always use a shield: true
     0 | D:1      | 0 ||| qw: God list: Okawaru
     0 | D:1      | 0 ||| qw: Allow faded altars: false
     0 | D:1      | 0 ||| qw: Do Orc after clearing Dungeon:15 true
     0 | D:1      | 0 ||| qw: Do second Lair branch before Depths: true
     0 | D:1      | 0 ||| qw: Lair rune preference: random
     0 | D:1      | 0 ||| qw: Goals: Normal
     0 | D:1      | 0 ||| PLANNING D:1-11
   117 | D:1      | Reached skill level 3 in Ranged Weapons
   117 | D:1      | Reached XP level 2. HP: 23/23 MP: 2/2
   202 | D:1      | HP: 6/24 [jackal (2)]
   206 | D:1      | HP: 1/24 [jackal (3)]
   635 | D:1      | Reached XP level 3. HP: 25/29 MP: 3/3
   854 | D:1      | 854 ||| UPGRADING to +6 ring of strength.
   855 | D:1      | 855 ||| READING 2 scrolls labelled ETILAZ CIG CIF.
   856 | D:1      | 856 ||| READING scroll of enchant weapon.
   856 | D:1      | 856 ||| ENCHANTING +2 sling.
   857 | D:1      | 857 ||| READING scroll labelled HUWNOT ARIP.
   858 | D:1      | 858 ||| DROPPING scroll of poison.
   889 | D:2      | Reached skill level 4 in Ranged Weapons
   942 | D:2      | Found a faded altar of an unknown god.
  1072 | D:2      | Reached XP level 4. HP: 27/36 MP: 4/4
  1298 | D:2      | Reached skill level 5 in Ranged Weapons
  1604 | D:2      | 1604 ||| UPGRADING to +6 ring of dexterity.
  1605 | D:2      | 1605 ||| READING scroll labelled IGRYNI ILAUNG.
  1606 | D:2      | 1606 ||| READING scroll labelled ULOQEEFENE.
  1607 | D:2      | 1607 ||| READING scroll labelled TIYZUS TEYVEVUA.
  1612 | D:2      | 1612 ||| READING scroll labelled UZO DULAUFAASM.
  1630 | D:3      | 1630 ||| STAIRDANCE
  1690 | D:3      | 1690 ||| STAIRDANCE
  1698 | D:2      | HP: 1/37 [orc priest/divine providence (14)]
  1701 | D:2      | Reached skill level 3 in Fighting
  1701 | D:2      | Reached XP level 5. HP: 2/45 MP: 5/5
  1861 | D:2      | 1861 ||| UPGRADING to +0 leather armour.
  1871 | D:2      | 1871 ||| DROPPING +0 robe.
  1875 | D:3      | 1875 ||| STAIRDANCE
  1877 | D:3      | 1877 ||| STAIRDANCE
  1878 | D:2      | HP: 9/45 [poisoned by an orc]
  1880 | D:2      | HP: 2/45 [poisoned by an orc]
  1881 | D:2      | Succumbed to an orc's poison

Levels and vault maps discovered:
D:1:      wander_arrival_lonely_grave, layout_basic, roderic_lattice_a,
          hex_medium, minmay_misc_feat_hallway
D:2:      layout_loops_ring, dreamdust_ecumenical_altar_grove,
          minmay_tiny_reverse_x
D:3:      layout_loops_ring, mainiacjoe_overflow_tiny_flanked

Skill      XL: |  1  2  3  4 |
---------------+-------------+-----
Ranged Weapons | 3 4 5 |  5.0
Fighting       | 2 3 |  3.4
Dodging        | |  2.1
Spellcasting   | |  1.0
Hexes          | |  2.0

Action                     |  1- 3 |  4- 6 || total
---------------------------+-------+-------++-------
   Fire: Sling             |   110 |    66 ||   176
    Use: Scroll            |     3 |     4 ||     7
 Armour: Robe              |    17 |     2 ||    19
         Leather armour    |       |     1 ||     1
  Dodge: Dodged            |    42 |    22 ||    64

Table legend:
 A = Non-vault XP
 B = Vault XP
 C = Vault XP percentage of total XP
 D = Non-vault monster count
 E = Vault monster count
 F = Vault count percentage of total count
                 A         B        C        D         E       F
            +---------+---------+-------+---------+---------+-------
      Total |     198 |      15 |   7.0 |      56 |       2 |   3.4
            +---------+---------+-------+---------+---------+-------
        D:1 |      51 |       0 |   0.0 |      28 |       0 |   0.0
        D:2 |     146 |      15 |   9.3 |      27 |       2 |   6.9
        D:3 |       1 |       0 |   0.0 |       1 |       0 |   0.0
            +---------+---------+-------+---------+---------+-------
